 Dungeon Crawl Stone Soup version 0.30-a0-743-gbfdf073431 (webtiles) character file.

Game seed: 517552481009515676

135 hikkokomori the Poker (level 5, -3/41 HPs)
             Began as a Merfolk Gladiator on Feb 5, 2023.
             Slain by Natasha (6 damage)
             ... on level 3 of the Dungeon.
             The game lasted 00:02:43 (2178 turns).

hikkokomori the Poker (Merfolk Gladiator)           Turns: 2178, Time: 00:02:43

Health: -3/41      AC:  4    Str: 16    XL:     5   Next: 18%
Magic:  14/14      EV: 13    Int:  8    God:
Gold:   174        SH:  0    Dex: 15    Spells: 4/4 levels left

rFire   . . .      SeeInvis .    a - +0 trident
rCold   . . .      Faith    .    (no shield)
rNeg    . . .      Spirit   .    b - +0 leather armour
rPois   .          Reflect  .    c - +0 helmet
rElec   .          Harm     .    (no cloak)
rCorr   .          Rampage  .    (no gloves)
Will    .....                    (no boots)
Stlth   ++                       (no amulet)
HPRegen 0.26/turn                m - ring of magical power
MPRegen 0.14/turn                (no ring)

@: slowed, very slow
A: (nimble swimmer 2), mertail
a: no special abilities


You were on level 3 of the Dungeon.
You visited 1 branch of the dungeon, and saw 3 of its levels.

You collected 174 gold pieces.

Inventory:

Hand Weapons
 a - a +0 trident (weapon)
 l - a +1 sling of freezing
Missiles
 d - 3 throwing nets (quivered)
 e - a javelin
Armour
 b - a +0 leather armour (worn)
 c - a +0 helmet (worn)
 g - a +0 scale mail
Jewellery
 m - a ring of magical power (left hand)
Scrolls
 h - 3 scrolls of identify {unknown}
 k - a scroll of vulnerability {unknown}
 o - a scroll of fear {unknown}
 r - a scroll of blinking {unknown}
Potions
 f - a potion of curing
 i - a potion of heal wounds
 j - a potion of brilliance {unknown}
 n - a potion of mutation {unknown}
 p - 2 potions of flight {unknown}
 q - a potion of lignification
 s - a potion of resistance


   Skills:
 + Level 3.3 Fighting
 + Level 5.1 Polearms
 + Level 1.3 Ranged Weapons
 - Level 2.3 Throwing
 - Level 4.3 Dodging
 + Level 2.1 Stealth


You had 4 spell levels left.
You didn't know any spells.
Your spell library contained the following spells:

 Spells                   Type           Power      Damage    Failure   Level
 Necrotise                Necr           0%         1d4       47%         1
 Vampiric Draining        Necr           0%         2d6       85%         3
 Agony                    Necr           0%         N/A       100%        5


Dungeon Overview and Level Annotations

Branches:
Dungeon (3/15)

Altars:
Makhleb

Annotations:
D:3 Natasha


Innate Abilities, Weirdness & Mutations

((You are very nimble when in or above water. (Stealth+, EV+, Speed+++)))
Your lower body shifts to a powerful aquatic tail in water.


Message History

You shoot a sling bullet.
The sling bullet closely misses Natasha.
Natasha claws you! The white imp barely misses you. Natasha closely misses you.
The white imp hits you but does no damage.
The shadow imp hits you.
You are too injured to fight recklessly!
You are too injured to fight recklessly!
You are too injured to fight recklessly!
You are too injured to fight recklessly!
You are too injured to fight recklessly!
You are too injured to fight recklessly!
You are too injured to fight recklessly!
You are too injured to fight recklessly!
You are too injured to fight recklessly!
You are too injured to fight recklessly!
You are too injured to fight recklessly!
You are too injured to fight recklessly!
Your +1 sling of freezing stops glowing.
a - a +0 trident (weapon)
Natasha claws you.
You hit Natasha.
Natasha is lightly wounded.
The white imp barely misses you. The shadow imp hits you.
* * * LOW HITPOINT WARNING * * *
Natasha misses you. The white imp gestures at you. The puff of frost hits you.
* * * LOW HITPOINT WARNING * * *
The shadow imp barely misses you.
You closely miss Natasha.
Natasha is lightly wounded.
Natasha misses you. The white imp barely misses you.
The shadow imp closely misses you. Natasha closely misses you.
The white imp spits at you. The white imp barely misses you.
The shadow imp hits you.
* * * LOW HITPOINT WARNING * * *
You hit Natasha but do no damage.
Natasha is lightly wounded.
Natasha claws you.
You die...

..... ..#
#.#.#####..##
#.#..........
#.#.....[...#
#.#.........#
#.#.........#
#.#.#........
###
#.....5....#
###..
#....@h....#
โ‰ˆโ‰ˆโ‰ˆ~
#..#..5....#
#..
#..####.####
#..##.## .#
#.....# #
###.### #.#
########.#
#..ยง..##.#


You could see Natasha, a white imp (summoned) and a shadow imp (summoned).

Vanquished Creatures
  Natasha (D:3)
  Terence (D:2)
  A hound skeleton (D:2)
  2 adders (D:2)
  A dart slug (D:2)
  3 bat skeletons (D:2)
  5 endoplasms
  3 giant cockroaches (D:2)
  4 goblins
  7 hobgoblins
  2 quokkas (D:2)
  5 ball pythons
  2 ball python skeletons (D:2)
  5 bats
  A frilled lizard (D:1)
  6 kobolds
  A quokka zombie (D:2)
  3 rats
53 creatures vanquished.

Vanquished Creatures (others)
  A withered plant (D:2)
1 creature vanquished.

Grand Total: 54 creatures vanquished

Notes
Turn   | Place    | Note
-------+----------+-------------------------------------------
     0 | D:1      | hikkokomori the Merfolk Gladiator began the quest for the
                  | Orb.
     0 | D:1      | Reached XP level 1. HP: 16/16 MP: 1/1
     1 | D:1      | Noticed a minotaur zombie
    14 | D:1      | Noticed a minotaur zombie
    18 | D:1      | Noticed a merfolk zombie
    20 | D:1      | Noticed a gargoyle
   327 | D:1      | Reached XP level 2. HP: 23/23 MP: 2/2
   905 | D:2      | Reached XP level 3. HP: 22/28 MP: 3/3
   968 | D:2      | Noticed Terence
   988 | D:2      | Killed Terence
   989 | D:2      | Reached skill level 1 in Stealth
   989 | D:2      | Reached XP level 4. HP: 33/34 MP: 4/4
  1287 | D:2      | Reached skill level 1 in Ranged Weapons
  2068 | D:3      | Reached skill level 5 in Polearms
  2082 | D:3      | Noticed Natasha
  2083 | D:3      | Found a burning altar of Makhleb.
  2087 | D:3      | Killed Natasha
  2088 | D:3      | Reached XP level 5. HP: 32/41 MP: 5/5
  2162 | D:3      | Noticed Natasha
  2178 | D:3      | Slain by Natasha

Illustrated notes

Levels and vault maps discovered:
D:1:      shiori_arrival_whats_in_store_for_you, layout_loops_ring,
          minmay_octomino_j4
D:2:      minmay_general_purpose_star, layout_loops_ring, serial_undead,
          serial_undead_e, serial_undead_c, serial_undead_f, serial_undead_c,
          serial_undead_d, serial_undead_c, uniq_terence
D:3:      layout_loops_ring, mainiacjoe_overflow_alcove_4,
          chequers_serial_rivers_micro_b, uniq_natasha

Skill      XL: |  1  2  3  4 |
---------------+-------------+-----
Stealth        | 1 2 |  2.1
Fighting       | 3 |  3.3
Ranged Weapons | 1 |  1.3
Polearms       | 5 |  5.1
Throwing       | |  2.3
Dodging        | |  4.3

Action                     |  1- 3 |  4- 6 || total
---------------------------+-------+-------++-------
  Melee: Trident           |    69 |   101 ||   170
         Punch             |       |     1 ||     1
   Fire: Sling             |    30 |    17 ||    47
    Use: Potion            |     3 |       ||     3
   Stab: Sleeping          |     1 |     7 ||     8
 Armour: Leather armour    |    19 |    24 ||    43
         Skin              |     3 |       ||     3
  Dodge: Dodged            |    49 |    71 ||   120

Table legend: (Time is in decaauts)
 A = Elapsed time spent in this place.
 B = Non-inter-level travel time spent in this place.
 C = Inter-level travel time spent in this place.
 D = Time resting spent in this place.
 E = Time spent auto-exploring this place.
 F = Levels seen in this place.
 G = Mean time per level.
                   A        B        C        D        E       F      G
               +--------+--------+--------+--------+--------+-----+--------+
         Total |   2212 |   2121 |     91 |      0 |   1711 |   3 |  737.3 |
       Dungeon |   2212 |   2121 |     91 |      0 |   1711 |   3 |  737.3 |
               +--------+--------+--------+--------+--------+-----+--------+

Top non-repeatable levels by time:
     D:2: 1113 daAuts
     D:1: 887 daAuts
     D:3: 211 daAuts
